[Event "Titled Tuesday Blitz June 21 Late 2022"]
[White "Prydun, Andriy"]
[Black "Goltseva, Ekaterina"]
[WhiteFideId "14145898"]
[BlackFideId "24173770"]
[WhiteElo "2063"]
[BlackElo "2086"]
[Result "1/2-1/2"]
[Round "03"]
[TimeControl "180+1"]
[Date "2022.06.22"]
[WhiteClock "0:00:09"]
[BlackClock "0:00:06"]

1. e4 e5 2. Nf3 Nc6 3. Bc4 Nf6 4. d3 h6 5. c3 g5 6. Nfd2 Bg7 7. h4 g4 8. Nf1 d5 9. exd5 Nxd5 10. Qb3 Na5 11. Qa4+ c6 12. Bxd5 Qxd5 13. Ne3 Qb5 14. Qe4 c5 15. Nf5 Bxf5 16. Qxf5 O-O 17. O-O Rad8 18. Qxg4 f5 19. Qh5 Rf6 20. c4 Qd7 21. Nc3 Nc6 22. Nd5 Rd6 23. Be3 b6 24. f4 Rf8 25. Rae1 Rxd5 26. cxd5 Qxd5 27. fxe5 Qxe5 28. Bxh6 Qd4+ 29. Kh1 Qxd3 30. Qg6 Qd4 31. Qxc6 Qxh4+ 32. Kg1 Qxh6 33. Qxh6 Bxh6 34. Re7 Bg7 35. g4 Bd4+ 36. Kg2 fxg4 37. Rxf8+ Kxf8 38. Rxa7 Bxb2 39. Rc7 Bd4 40. a4 Ke8 41. Rc6 Kd7 42. Rxb6 c4 43. Rb4 Bc5 44. Rxc4 Kc6 45. Kg3 Kb6 46. Kxg4 Be3 47. Kf5 Ka5 48. Ke4 Bd2 49. Kd5 Bb4 50. Kc6 Kxa4 51. Kd5 Kb3 52. Rc6 Ka4 53. Kc4 Ka5 54. Rc8 Bd2 55. Rc6 Be3 56. Re6 Bf2 57. Re2 Bg1 58. Rb2 Be3 59. Rb3 Bf2 60. Rb5+ Ka6 61. Rf5 Bg1 62. Rf6+ Ka7 63. Kb5 Ka8 64. Kc6 Bh2 65. Rf5 Bb8 66. Rb5 Ba7 67. Kc7 Be3 68. Rb7 Bf4+ 69. Kc6 Bb8 70. Rd7 Ba7 71. Rd6 Bb8 72. Rd7 Ba7 73. Rf7 Bb8 74. Rh7 Ba7 75. Rh5 Bb8 76. Kb6 Bg3 77. Ka6 Bb8 78. Ra5 Ba7 79. Kb5 Kb7 80. Ra6 Bb8 81. Rb6+ Ka8 82. Rg6 Ba7 83. Kc6 Bb8 84. Rg7 Ba7 85. Kc7 Bd4 86. Rf7 Be5+ 87. Kc8 Bb8 88. Rb7 Ba7 89. Rb3 Bd4 90. Kc7 Ba7 91. Kc6 Bb8 92. Kb6 Ba7+ 93. Kc6 Bb8 94. Kb6 Ba7+ 95. Kc6 1/2-1/2


[Site "https://www.chess.com"]

[Event "Titled Tuesday Blitz June 21 Late 2022"]
[White "Richter, Nils"]
[Black "Diaz Rosas, Julio Cesar"]
[WhiteFideId "12990809"]
[BlackFideId "5105099"]
[WhiteElo "2311"]
[BlackElo "2278"]
[Result "1-0"]
[Round "03"]
[TimeControl "180+1"]
[Date "2022.06.22"]
[WhiteClock "0:00:26"]
[BlackClock "0:00:02"]

1. e4 e5 2. Nf3 Nc6 3. Bb5 a6 4. Bxc6 dxc6 5. O-O f6 6. d4 exd4 7. Nxd4 c5 8. Nb3 Qxd1 9. Rxd1 Be6 10. Nc3 Bd6 11. Na5 O-O-O 12. Be3 Ne7 13. Nb3 b6 14. a4 a5 15. Nb5 Be5 16. Nc3 g5 17. Nd2 Bxc3 18. bxc3 Nc6 19. f4 h6 20. Nf3 Bg4 21. Kf2 Rxd1 22. Rxd1 Rd8 23. Rxd8+ Nxd8 24. f5 Nf7 25. h3 Bxf3 26. gxf3 Kd7 27. f4 Nd6 28. Kf3 Nc4 29. Bc1 c6 30. Kg4 b5 31. axb5 cxb5 32. Kh5 a4 33. fxg5 hxg5 34. Kg6 Ke7 35. Kg7 b4 36. cxb4 cxb4 37. Bxg5 Nd6 38. Bxf6+ Kd7 39. h4 Nxe4 40. Ba1 b3 41. cxb3 axb3 42. h5 Nd6 43. Kg6 1-0


[Site "https://www.chess.com"]

[Event "Titled Tuesday Blitz June 21 Late 2022"]
[White "Riehle, Marco"]
[Black "Rios Escobar, Adan"]
[WhiteFideId "12904392"]
[BlackFideId "3403645"]
[WhiteElo "2462"]
[BlackElo "2458"]
[Result "1-0"]
[Round "03"]
[TimeControl "180+1"]
[Date "2022.06.21"]
[WhiteClock "0:01:28"]
[BlackClock "0:00:04"]

1. e4 c5 2. a3 d5 3. exd5 Qxd5 4. Nc3 Qd8 5. Nf3 g6 6. d4 cxd4 7. Qxd4 Qxd4 8. Nxd4 a6 9. Nd5 Kd8 10. Bf4 Bg7 11. O-O-O Nd7 12. Bc7+ Ke8 13. Bg3 Ra7 14. Bc4 Ngf6 15. Nc7+ Kf8 16. Rhe1 b5 17. Nce6+ fxe6 18. Nxe6+ Kg8 19. Bb3 h5 20. Ng5+ Kf8 21. Ne6+ Kg8 22. Kb1 Bh6 23. Nd8+ Kf8 24. Nc6 Rb7 25. Rxe7 Rh7 26. Rde1 Rxe7 27. Nxe7 Nb6 28. Nxg6+ Kg7 29. Ne5 Nbd5 30. Rd1 Be6 31. Nc6 Bf7 32. Nd8 Rd7 33. Nxf7 Kxf7 34. Be5 1-0


[Site "https://www.chess.com"]

[Event "Titled Tuesday Blitz June 21 Late 2022"]
[White "Roman, Rodrigo"]
[Black "Romanchuk, Viktor"]
[WhiteFideId "3701220"]
[BlackFideId "14109271"]
[WhiteElo "2001"]
[BlackElo "2242"]
[Result "1/2-1/2"]
[Round "03"]
[TimeControl "180+1"]
[Date "2022.06.22"]
[WhiteClock "0:01:02"]
[BlackClock "0:01:08"]

1. e4 e6 2. d4 d5 3. Nc3 dxe4 4. Nxe4 Nd7 5. Nf3 Ngf6 6. Bg5 h6 7. Bxf6 Nxf6 8. Bd3 Nxe4 9. Bxe4 c5 10. O-O cxd4 11. Nxd4 Bc5 12. Nb5 Qxd1 13. Raxd1 Ke7 14. Rfe1 Rd8 15. c3 Bd7 16. Nd4 Rab8 17. b4 Bxd4 18. Rxd4 Be8 19. Rxd8 Kxd8 20. Rd1+ Kc7 21. c4 b6 22. Kf1 Rd8 23. Rxd8 Kxd8 24. Ke2 Kc7 25. Kd3 Kd6 26. f4 e5 27. g3 f6 28. h4 exf4 29. gxf4 g5 30. fxg5 fxg5 31. hxg5 hxg5 32. Kd4 Bd7 33. c5+ bxc5+ 34. bxc5+ Kc7 35. Ke5 Bc6 36. Bf5 Bd7 37. Be4 Bc8 38. Bf5 Bxf5 39. Kxf5 Kc6 40. Kxg5 Kxc5 41. Kf4 Kd4 42. Kf3 Kd3 43. Kf4 a5 44. a4 Kc3 45. Ke3 Kb3 46. Kd3 Kxa4 47. Kc4 Ka3 48. Kc3 a4 49. Kc2 1/2-1/2


[Site "https://www.chess.com"]

[Event "Titled Tuesday Blitz June 21 Late 2022"]
[White "Romero Ruscalleda, Josep"]
[Black "Roque Sola, Jose Luis"]
[WhiteFideId "2231859"]
[BlackFideId "5120390"]
[WhiteElo "2373"]
[BlackElo "1983"]
[Result "1-0"]
[Round "03"]
[TimeControl "180+1"]
[Date "2022.06.22"]
[WhiteClock "0:01:37"]
[BlackClock "0:00:06"]

1. e4 e6 2. d4 d5 3. e5 c5 4. c3 Nc6 5. Be3 cxd4 6. cxd4 Nge7 7. Nc3 Nf5 8. Nf3 Be7 9. Qd2 a6 10. Rc1 Bd7 11. Bd3 Nxe3 12. fxe3 Rc8 13. O-O b5 14. Qf2 Na5 15. Ng5 f6 16. Nxh7 f5 17. Qg3 Kf7 18. Nxd5 Rxh7 19. Rxc8 Bxc8 20. Nf4 Bg5 21. Nxe6 Bxe6 22. Bxf5 Bxf5 23. Rxf5+ Bf6 24. exf6 gxf6 25. h3 Qe7 26. Rc5 Kf8 27. Rc8+ Kf7 28. Rc7 1-0


[Site "https://www.chess.com"]

[Event "Titled Tuesday Blitz June 21 Late 2022"]
[White "Roque Sola, Gisela"]
[Black "Gaisinsky, Adam"]
[WhiteFideId "5120241"]
[BlackFideId "2620561"]
[WhiteElo "1863"]
[BlackElo "1965"]
[Result "0-1"]
[Round "03"]
[TimeControl "180+1"]
[Date "2022.06.22"]
[WhiteClock "0:00:10"]
[BlackClock "0:00:08"]

1. c4 Nf6 2. g3 e6 3. Bg2 d5 4. Nf3 d4 5. d3 c5 6. O-O Nc6 7. a3 Bd6 8. e3 e5 9. e4 h6 10. Ne1 g5 11. Nc2 Be6 12. Nd2 Qd7 13. Rb1 a5 14. b3 Bh3 15. Ne1 Bg4 16. f3 Bh3 17. Qe2 O-O-O 18. Nc2 Rdg8 19. Bxh3 Qxh3 20. Qg2 Qe6 21. b4 axb4 22. axb4 cxb4 23. Nb3 Qe7 24. Ra1 Kc7 25. Bd2 Ra8 26. Qe2 Nd7 27. Rfb1 Nb6 28. Qe1 Na4 29. Nc1 Nc3 30. Bxc3 dxc3 31. Nb3 Bc5+ 32. Nxc5 Qxc5+ 33. Kg2 Rxa1 34. Rxa1 b3 35. Qxc3 bxc2 36. Qxc2 Rd8 37. Qc3 Qd4 38. Qxd4 Rxd4 39. Ra3 Nb4 40. Kf2 Nxd3+ 41. Ke3 Nb2 42. Ra5 Nxc4+ 0-1


[Site "https://www.chess.com"]

[Event "Titled Tuesday Blitz June 21 Late 2022"]
[White "Rustemov, Alexander"]
[Black "Kamsky, Gata"]
[WhiteFideId "4119002"]
[BlackFideId "2000024"]
[WhiteElo "2725"]
[BlackElo "2645"]
[Result "1/2-1/2"]
[Round "03"]
[TimeControl "180+1"]
[Date "2022.06.21"]
[WhiteClock "0:01:41"]
[BlackClock "0:02:34"]

1. d4 d5 2. c4 c6 3. Nc3 Nf6 4. e3 g6 5. Nf3 Bg7 6. Be2 O-O 7. O-O a6 8. b3 Bg4 9. h3 Bxf3 10. Bxf3 e6 11. Bb2 Nbd7 12. Qc2 a5 13. Rab1 Qb8 14. Rfc1 Rd8 15. a3 Ne8 16. Be2 Nd6 17. Bd3 b5 18. cxb5 cxb5 19. Qe2 b4 20. Na4 1/2-1/2


[Site "https://www.chess.com"]

[Event "Titled Tuesday Blitz June 21 Late 2022"]
[White "Sanchez, Robert"]
[Black "Colpe, Malte"]
[WhiteFideId "2034360"]
[BlackFideId "24623075"]
[WhiteElo "2017"]
[BlackElo "2328"]
[Result "0-1"]
[Round "03"]
[TimeControl "180+1"]
[Date "2022.06.22"]
[WhiteClock "0:00:04"]
[BlackClock "0:00:01"]

1. e4 c5 2. Nf3 Nc6 3. d4 cxd4 4. Nxd4 g6 5. c4 Bg7 6. Nc2 e6 7. Nc3 Bxc3+ 8. bxc3 Qa5 9. Qd2 d6 10. Ba3 Nf6 11. Bd3 Qc7 12. Qh6 Ne5 13. Be2 Nfd7 14. O-O Nc5 15. f3 Bd7 16. Rfd1 O-O-O 17. Nd4 a6 18. Nb3 Ba4 19. Rab1 b6 20. Qe3 Rhg8 21. Rdc1 g5 22. Nd4 h5 23. Rb2 Bd7 24. Rcb1 Na4 25. Rb4 a5 26. Nb5 Bxb5 27. Rxb5 Nd7 28. c5 Ndxc5 29. Bxc5 dxc5 30. R5b3 c4 31. Rb5 g4 32. Rxb6 Nxb6 33. Rxb6 gxf3 34. Bxf3 Rd1+ 35. Bxd1 Rd8 36. Bf3 Rd3 37. Qf2 Rxc3 38. g3 Rc1+ 39. Kg2 c3 40. e5 c2 41. Rc6 Qxc6 42. Bxc6 Rb1 43. Qa7 c1=Q 44. Qd7+ Kb8 45. Qd8+ Ka7 46. Qa8+ Kb6 47. Qb7+ Kc5 48. Be4 Rxb7 0-1


[Site "https://www.chess.com"]

[Event "Titled Tuesday Blitz June 21 Late 2022"]
[White "Sarana, Alexey"]
[Black "Murzin, Volodar"]
[WhiteFideId "24133795"]
[BlackFideId "44155573"]
[WhiteElo "2666"]
[BlackElo "2585"]
[Result "1-0"]
[Round "03"]
[TimeControl "180+1"]
[Date "2022.06.21"]
[WhiteClock "0:02:25"]
[BlackClock "0:01:25"]

1. d4 d5 2. c4 c6 3. Nf3 Nf6 4. Nc3 e6 5. e3 Nbd7 6. Qc2 b6 7. Be2 Bb7 8. O-O dxc4 9. Bxc4 c5 10. Rd1 Bd6 11. dxc5 Bxc5 12. Ne5 Qc8 13. Bb5 Bd5 14. Nxd7 Nxd7 15. Nxd5 1-0


[Site "https://www.chess.com"]

[Event "Titled Tuesday Blitz June 21 Late 2022"]
[White "Sargsyan, Anna M."]
[Black "Gimenez Aguirre, Alejo Ismael"]
[WhiteFideId "13308130"]
[BlackFideId "32041667"]
[WhiteElo "2271"]
[BlackElo "2031"]
[Result "1-0"]
[Round "03"]
[TimeControl "180+1"]
[Date "2022.06.22"]
[WhiteClock "0:00:48"]
[BlackClock "0:00:29"]

1. d4 Nf6 2. c4 e6 3. Nf3 Bb4+ 4. Bd2 a5 5. g3 b6 6. Bg2 Bb7 7. O-O O-O 8. Bf4 d5 9. c5 a4 10. a3 Ba5 11. Qxa4 bxc5 12. dxc5 c6 13. Qc2 Nbd7 14. Nbd2 Re8 15. b4 Bc7 16. Bxc7 Qxc7 17. e4 Ra7 18. exd5 exd5 19. Nb3 Ne4 20. Rfe1 Rea8 21. Qb2 Ba6 22. Nfd2 Nxd2 23. Nxd2 Nf6 24. a4 Rb8 25. Qc3 h5 26. Nb3 h4 27. Nd4 Bc4 28. Nf5 hxg3 29. hxg3 Rba8 30. Re7 Qd8 31. Rae1 Rxa4 32. Nh6+ Kh7 33. Nxf7 Qc8 34. Ng5+ Kg6 35. Qc2+ Kxg5 36. Rxg7+ 1-0


[Site "https://www.chess.com"]

[Event "Titled Tuesday Blitz June 21 Late 2022"]
[White "Sarkar, Justin"]
[Black "Johnson, Ben"]
[WhiteFideId "2010011"]
[BlackFideId "2010917"]
[WhiteElo "2020"]
[BlackElo "2150"]
[Result "1/2-1/2"]
[Round "03"]
[TimeControl "180+1"]
[Date "2022.06.22"]
[WhiteClock "0:00:04"]
[BlackClock "0:00:19"]

1. e4 c5 2. Nc3 Nc6 3. Nf3 e5 4. Bc4 Be7 5. d3 d6 6. O-O Nf6 7. Ng5 O-O 8. f4 exf4 9. Bxf4 Bg4 10. Qd2 Nd4 11. Nf3 Nxf3+ 12. gxf3 Be6 13. Bg5 a6 14. a4 b6 15. Rab1 Nh5 16. Bxe7 Qxe7 17. Nd5 Bxd5 18. Bxd5 Rab8 19. f4 Rfd8 20. f5 Nf6 21. c4 Nxd5 22. cxd5 f6 23. Kh1 b5 24. axb5 Rxb5 25. Rg1 Rdb8 26. Rg4 R8b7 27. Rbg1 Rxb2 28. Rxg7+ Qxg7 29. Rxg7+ Kxg7 30. Qe3 Rb1+ 31. Kg2 R7b2+ 32. Kg3 a5 33. Qf4 Rg1+ 34. Kh3 Rbg2 35. Qxd6 Rg5 36. Qe7+ Kg8 37. Qe8+ Kg7 38. Qe7+ Kg8 39. Qe8+ Kg7 40. Qe7+ 1/2-1/2


[Site "https://www.chess.com"]

[Event "Titled Tuesday Blitz June 21 Late 2022"]
[White "Saveliev, Alexei"]
[Black "Mickiewicz, Piotr"]
[WhiteFideId "24128546"]
[BlackFideId "1114891"]
[WhiteElo "2281"]
[BlackElo "2209"]
[Result "0-1"]
[Round "03"]
[TimeControl "180+1"]
[Date "2022.06.22"]
[WhiteClock "0:00:01"]
[BlackClock "0:00:19"]

1. c4 e5 2. Nc3 Nf6 3. Nf3 d6 4. d4 Nbd7 5. e4 c6 6. Be2 g6 7. O-O Bg7 8. h3 O-O 9. Bg5 h6 10. Be3 exd4 11. Bxd4 Re8 12. Qc2 Qc7 13. Rfe1 Ne5 14. Rad1 Nfd7 15. b3 Nxf3+ 16. Bxf3 Be5 17. Qc1 Kh7 18. g3 Nf8 19. Bg2 Ne6 20. Be3 Bg7 21. Kh2 Ng5 22. f4 Bxc3 23. Qxc3 Nxe4 24. Bxe4 Rxe4 25. Bc1 Rxe1 26. Rxe1 Be6 27. Bb2 Rg8 28. Qf6 Qd7 29. g4 d5 30. c5 d4 31. Bxd4 Qd5 32. Re3 b6 33. b4 Qxa2+ 34. Kg3 Qd5 35. cxb6 axb6 36. Bxb6 Qh1 37. Re5 Bd5 38. Rxd5 Qxd5 39. Bd4 Qe6 40. Qxe6 fxe6 41. Kf3 Rd8 42. Ke4 Rd5 43. h4 h5 44. g5 Kg8 45. Bc5 Kf7 46. Bd4 Ke8 47. Bc5 Kd7 48. Bd4 Kc8 49. Bc5 Kb7 50. Be7 Ka6 51. Bf8 Kb5 52. Be7 Kc4 53. Bf8 Kc3 54. Be7 Kd2 55. Bc5 Ke2 56. Bb6 Kf1 57. Kf3 Rd3+ 58. Ke4 Rd5 59. Kf3 Rf5 60. Bc5 e5 61. Ke4 exf4 62. Kf3 Ke1 63. Bd4 Kd2 64. Bc5 Kd3 65. Bd6 Kc4 66. Bxf4 Kxb4 67. Ke4 Kc4 68. Bd6 Rf1 69. Bf4 Rh1 70. Bg3 Rh3 71. Bf2 Rh2 0-1


[Site "https://www.chess.com"]

[Event "Titled Tuesday Blitz June 21 Late 2022"]
[White "Senthilkumar, Pranav"]
[Black "Artemenko, Oleg"]
[WhiteFideId "2083477"]
[BlackFideId "14201798"]
[WhiteElo "2444"]
[BlackElo "2287"]
[Result "0-1"]
[Round "03"]
[TimeControl "180+1"]
[Date "2022.06.22"]
[WhiteClock "0:00:38"]
[BlackClock "0:01:07"]

1. Nf3 e6 2. g3 Nf6 3. Bg2 d5 4. O-O Be7 5. c4 O-O 6. cxd5 exd5 7. d4 c6 8. Nc3 Na6 9. a3 Nc7 10. b4 a5 11. Bb2 axb4 12. axb4 Rxa1 13. Qxa1 Bxb4 14. Ne5 Re8 15. Ba3 Bxa3 16. Qxa3 Ng4 17. Nxg4 Bxg4 18. Rb1 Bc8 19. e3 Qe7 20. Qa7 h5 21. Na4 Nb5 22. Qb6 Nd6 23. Nc5 h4 24. Ra1 Qf6 25. Ra8 Qd8 26. Qa7 hxg3 27. hxg3 Qc7 28. Na6 Qe7 29. Nc5 g6 30. Qb6 Kg7 31. Rb8 Rh8 32. Qb4 Qf6 33. Qb2 b5 34. Nd3 Bf5 35. Rxh8 Kxh8 36. Ne5 Nc4 37. Nxc4 bxc4 38. Qb4 Kg7 39. e4 Be6 40. e5 Qf5 41. Qc5 Qb1+ 42. Kh2 Qb2 43. f4 c3 44. Qe7 Qe2 45. f5 Bxf5 46. Qf6+ Kg8 47. Qd8+ Kh7 48. Qf6 Be6 49. Kg1 c2 50. Qh4+ Qh5 51. Qf4 Qd1+ 52. Bf1 c1=Q 53. Qh4+ Qh5 0-1


[Site "https://www.chess.com"]

[Event "Titled Tuesday Blitz June 21 Late 2022"]
[White "Shapiro, Daniel"]
[Black "Suleymanli, Aydin"]
[WhiteFideId "2001780"]
[BlackFideId "13413937"]
[WhiteElo "2271"]
[BlackElo "2481"]
[Result "0-1"]
[Round "03"]
[TimeControl "180+1"]
[Date "2022.06.21"]
[WhiteClock "0:01:19"]
[BlackClock "0:01:37"]

1. d4 Nf6 2. c4 e6 3. g3 d5 4. Nf3 Be7 5. Bg2 O-O 6. O-O dxc4 7. Ne5 Qd6 8. Nxc4 Qa6 9. Qc2 Nc6 10. Rd1 Rd8 11. e3 e5 12. Nxe5 Nxe5 13. dxe5 Bf5 14. Rxd8+ Rxd8 15. e4 Nxe4 16. Nc3 Nxc3 0-1


[Site "https://www.chess.com"]

[Event "Titled Tuesday Blitz June 21 Late 2022"]
[White "Shohat, Yotam"]
[Black "Souleidis, Georgios"]
[WhiteFideId "2813955"]
[BlackFideId "4206827"]
[WhiteElo "2119"]
[BlackElo "2401"]
[Result "1-0"]
[Round "03"]
[TimeControl "180+1"]
[Date "2022.06.22"]
[WhiteClock "0:00:05"]
[BlackClock "0:00:03"]

1. d4 Nf6 2. c4 g6 3. Nc3 Bg7 4. e4 d6 5. Nf3 O-O 6. Be2 e5 7. d5 a5 8. Be3 Ng4 9. Bg5 f6 10. Bd2 f5 11. exf5 gxf5 12. h3 Nf6 13. Ng5 Qe7 14. g4 Na6 15. Qc2 e4 16. O-O-O Nc5 17. Be3 b6 18. Rhg1 Kh8 19. Bd4 h6 20. Ne6 Nxe6 21. dxe6 Bxe6 22. gxf5 Bxf5 23. Nd5 Qf7 24. Rxg7 Qxg7 25. Qc3 Qg5+ 26. Be3 Qg6 27. Ne7 Qh7 28. Nd5 Qg6 29. Bd4 Qg5+ 30. Qe3 Kg7 31. Nxc7 Rac8 32. Nd5 Rf7 33. h4 Qxe3+ 34. fxe3 Bg6 35. Rg1 h5 36. b3 Kh6 37. Nxf6 Rcf8 38. Nd5 Rf2 39. Nf4 Rxe2 40. Rxg6+ Kh7 41. Rg7+ Kh6 42. Rg6+ Kh7 43. Rxd6 Rxa2 44. Rd7+ Kh6 45. Bg7+ Kh7 46. Bxf8+ Kg8 47. Bd6 Rh2 48. Be5 Rxh4 49. Rg7+ Kf8 50. Ng6+ Ke8 51. Nxh4 1-0


[Site "https://www.chess.com"]

[Event "Titled Tuesday Blitz June 21 Late 2022"]
[White "Shuvalova, Polina"]
[Black "Nilsson, Joakim"]
[WhiteFideId "24171760"]
[BlackFideId "1723383"]
[WhiteElo "2330"]
[BlackElo "2210"]
[Result "0-1"]
[Round "03"]
[TimeControl "180+1"]
[Date "2022.06.22"]
[WhiteClock "0:01:19"]
[BlackClock "0:01:50"]

1. a3 e5 2. b4 d5 3. Bb2 Bd6 4. Nf3 Nd7 5. g3 c6 6. Bg2 Ngf6 7. d3 O-O 8. Nbd2 Re8 9. O-O a5 10. bxa5 Qxa5 11. c4 Qd8 12. Qc2 Qe7 13. Rfe1 e4 14. dxe4 dxe4 15. Ng5 e3 16. Nf1 exf2+ 17. Kxf2 Ng4+ 18. Kg1 Bc5+ 19. e3 Qxg5 20. Kh1 Nde5 21. Rad1 Bf5 22. Qe2 Rad8 23. h3 Rxd1 24. Qxd1 Nf2+ 0-1


[Site "https://www.chess.com"]

[Event "Titled Tuesday Blitz June 21 Late 2022"]
[White "Silvestre, Christian"]
[Black "Bayo Milagro, Alvaro"]
[WhiteFideId "30956269"]
[BlackFideId "22275240"]
[WhiteElo "2425"]
[BlackElo "2270"]
[Result "0-1"]
[Round "03"]
[TimeControl "180+1"]
[Date "2022.06.22"]
[WhiteClock "0:00:02"]
[BlackClock "0:00:16"]

1. Nf3 Nf6 2. d4 g6 3. g3 Bg7 4. Bg2 O-O 5. O-O d6 6. b3 b6 7. Bb2 Bb7 8. c4 e6 9. Nbd2 Nbd7 10. Qc2 Qe7 11. e4 e5 12. Rfe1 Rfd8 13. Rad1 Rac8 14. Nf1 exd4 15. Nxd4 Nc5 16. Nd2 h5 17. b4 Ncd7 18. Ne2 h4 19. Nf4 hxg3 20. hxg3 Ne5 21. Nd5 Qe8 22. f4 Neg4 23. Bf3 Bxd5 24. exd5 Qd7 25. Nf1 Re8 26. a3 Rxe1 27. Rxe1 Re8 28. Re2 Re7 29. Qd1 Nh6 30. Qe1 Nf5 31. Rxe7 Nxe7 32. Qe2 Nf5 33. Kg2 Qa4 34. Qd1 Qe8 35. Qe2 Qd7 36. Ne3 Nxe3+ 37. Qxe3 Nxd5 38. Bxd5 Bxb2 39. Qd3 Kg7 40. b5 Qe7 41. a4 Qe1 42. Qe4 Qd2+ 43. Kh3 Qd1 44. Qe7 Qh5+ 45. Kg2 Qf5 46. Qxc7 Ba3 47. Qxa7 Bc5 48. Qc7 g5 49. Qe7 gxf4 50. gxf4 Qxf4 51. Qe4 Qf2+ 52. Kh3 Bd4 53. Qf3 Qd2 54. Qxf7+ Kh6 55. Qf8+ Bg7 56. Qf3 Be5 57. Qg2 Qc3+ 58. Qf3 Qc2 59. Kg4 Qxa4 60. Kh3 Qc2 61. Qf8+ Kg5 62. Qg8+ Kf4 63. Qg4+ Ke3 64. Qg6 Qxg6 0-1


[Site "https://www.chess.com"]

[Event "Titled Tuesday Blitz June 21 Late 2022"]
[White "Sohal, Tanraj"]
[Black "Muradli, Mahammad"]
[WhiteFideId "2608499"]
[BlackFideId "13409301"]
[WhiteElo "2200"]
[BlackElo "2611"]
[Result "1/2-1/2"]
[Round "03"]
[TimeControl "180+1"]
[Date "2022.06.21"]
[WhiteClock "0:00:07"]
[BlackClock "0:00:06"]

1. d4 Nf6 2. c4 g6 3. Nf3 Bg7 4. Nc3 O-O 5. e4 d6 6. Be2 e5 7. O-O Bg4 8. dxe5 Bxf3 9. Bxf3 dxe5 10. Bg5 c6 11. Qxd8 Rxd8 12. Rad1 Nbd7 13. b4 Nf8 14. Be3 Ne6 15. Rxd8+ Rxd8 16. Bxa7 Rd3 17. Rc1 Bh6 18. Rc2 Nd4 19. Bxd4 exd4 20. Na4 Ra3 21. Nc5 d3 22. Rb2 d2 23. Bd1 b6 24. e5 Rc3 25. Kf1 Ng4 26. Ne4 Rxc4 27. Nxd2 Rc1 28. Rb1 Nxh2+ 29. Kg1 Bxd2 30. Rxc1 Bxc1 31. Kxh2 Bf4+ 32. g3 Bxe5 33. Bf3 c5 34. bxc5 bxc5 35. Bd5 Bd4 36. Kg2 Kf8 37. f4 Bc3 38. Kf3 Ke7 39. Bc4 Kf6 40. a4 h5 41. g4 h4 42. g5+ Ke7 43. Kg4 Bd2 44. Bf1 Ke6 45. Bc4+ Ke7 46. Bf1 f5+ 47. gxf6+ Kxf6 48. Kxh4 Bxf4 49. a5 Bc7 50. a6 Bb6 51. Kg4 Ba7 52. Bc4 g5 53. Bd3 Bb6 54. Bc4 Ba7 55. Bd3 Ke5 56. Kxg5 Kd4 57. Bf1 c4 58. Bxc4 Kxc4 59. Kf5 Kb5 60. Ke6 Kxa6 1/2-1/2


[Site "https://www.chess.com"]

[Event "Titled Tuesday Blitz June 21 Late 2022"]
[White "Sorensen, Hampus"]
[Black "Przybylski, Wojciech"]
[WhiteFideId "8703884"]
[BlackFideId "1117599"]
[WhiteElo "2262"]
[BlackElo "2133"]
[Result "1-0"]
[Round "03"]
[TimeControl "180+1"]
[Date "2022.06.22"]
[WhiteClock "0:00:08"]
[BlackClock "0:00:07"]

1. c4 e5 2. Nc3 Nc6 3. Nf3 Nf6 4. e4 b6 5. Be2 Bb7 6. d3 h6 7. O-O Bc5 8. a3 a5 9. Rb1 O-O 10. h3 Re8 11. Re1 Nd4 12. Bf1 a4 13. Nxd4 exd4 14. Nxa4 Bf8 15. e5 Nh7 16. b4 Bc6 17. b5 Bb7 18. Ra1 d6 19. Bf4 dxe5 20. Rxe5 Qf6 21. Rxe8 Rxe8 22. Bxc7 Ng5 23. Qg4 Re6 24. Nb2 Qe7 25. Bf4 Nf3+ 26. Kh1 Re1 27. Rxe1 Qxe1 28. gxf3 Qxf1+ 29. Kh2 Bxa3 30. Na4 Qxf2+ 31. Qg2 Qe1 32. Bxh6 Bf8 33. Bf4 Qe6 34. Qf2 Qf6 35. Bg3 Bxf3 36. Nxb6 Qf5 37. Qd2 Bh5 38. Nd5 Bf3 39. Nf4 Bb7 40. Qf2 Qe5 41. Ne2 Qe6 42. Nxd4 Qd7 43. Nf5 Bc8 44. Ne3 Qxh3+ 45. Kg1 Bb7 46. Nd5 Bc5 47. Qxc5 Qxg3+ 48. Kf1 Qxd3+ 49. Ke1 Qb1+ 50. Kd2 Qb2+ 51. Kd3 Qb1+ 52. Kc3 Qc1+ 53. Kb3 Qd1+ 54. Ka3 Qa1+ 55. Kb4 Qe1+ 56. Nc3 Qe8 57. Qc7 Bc8 58. b6 Ba6 59. b7 Qf8+ 60. c5 Bxb7 61. Qxb7 Qd8 62. c6 Qd4+ 63. Kb5 g5 64. Qc8+ Kg7 65. Na4 Qd3+ 66. Kb6 Qb3+ 67. Ka5 g4 68. c7 Qc4 69. Qd7 Qc3+ 70. Kb6 g3 71. Kb7 Qb3+ 72. Kc8 Qc3 73. Kd8 Qe5 74. c8=Q Qe6 75. Qxe6 fxe6 76. Qxe6 g2 77. Qg4+ Kf7 78. Qxg2 Kf8 79. Kd7 Kf7 80. Qf3+ Kg7 81. Ke6 Kh8 82. Qg4 Kh7 83. Kf6 Kh8 84. Qg7# 1-0


[Site "https://www.chess.com"]

[Event "Titled Tuesday Blitz June 21 Late 2022"]
[White "Sturt, Raven"]
[Black "Remolar Gallen, Jose"]
[WhiteFideId "2007304"]
[BlackFideId "2215187"]
[WhiteElo "2398"]
[BlackElo "2205"]
[Result "1-0"]
[Round "03"]
[TimeControl "180+1"]
[Date "2022.06.22"]
[WhiteClock "0:00:37"]
[BlackClock "0:00:02"]

1. d4 Nf6 2. c4 g6 3. Nc3 Bg7 4. e4 d6 5. h3 O-O 6. Be3 e5 7. d5 Na6 8. g4 Nc5 9. f3 a5 10. Qd2 Nfd7 11. h4 f5 12. O-O-O f4 13. Bf2 h6 14. Kb1 Rf7 15. Nge2 Bf8 16. Nc1 Nb6 17. b3 Bd7 18. Nd3 Nxd3 19. Bxd3 Be8 20. Be2 Nd7 21. Na4 b6 22. Rdg1 Nc5 23. Nxc5 bxc5 24. a4 Qb8 25. Ka2 Rd7 26. g5 h5 27. Bf1 Rd8 28. Qc3 Qb6 29. Be1 Rdb8 30. Rh2 Rb7 31. Rb2 Rab8 32. Rgg2 Ra7 33. Rgc2 Qa6 34. Bh3 Rb4 35. Be6+ Kg7 36. Qd3 Rb8 37. Qf1 Rab7 38. Qh3 Bxa4 39. Bc8 Bxb3+ 40. Rxb3 1-0


[Site "https://www.chess.com"]

[Event "Titled Tuesday Blitz June 21 Late 2022"]
[White "Suder, Jakub"]
[Black "Barria Santos, Jose Guilherme"]
[WhiteFideId "1195310"]
[BlackFideId "1939300"]
[WhiteElo "2058"]
[BlackElo "2261"]
[Result "1/2-1/2"]
[Round "03"]
[TimeControl "180+1"]
[Date "2022.06.22"]
[WhiteClock "0:00:11"]
[BlackClock "0:00:08"]

1. d4 Nf6 2. c4 e6 3. Nc3 Bb4 4. f3 c5 5. d5 O-O 6. e4 b5 7. e5 Ne8 8. f4 d6 9. Nf3 dxe5 10. fxe5 exd5 11. cxd5 Nc7 12. d6 Ne6 13. Bd3 Bb7 14. O-O c4 15. Be4 Qb6+ 16. Kh1 Bxc3 17. Bxb7 Qxb7 18. bxc3 Nd7 19. Be3 Qe4 20. Bd4 Nxd4 21. cxd4 c3 22. Re1 Qd5 23. Qd3 Rac8 24. Ng5 g6 25. Qh3 Nf6 26. Qh4 Nh5 27. Ne4 Kh8 28. Rac1 Qxd4 29. g4 Ng7 30. Nf6 h5 31. Qg5 Qd2 32. Re3 Qxc1+ 33. Kg2 Qd2+ 34. Kg3 h4+ 35. Kh3 Nf5 36. gxf5 Kg7 37. Nh5+ Kh7 38. fxg6+ fxg6 39. Qe7+ Kh6 40. Qg7+ Kg5 41. Qe7+ Kh6 42. Qg7+ Kg5 43. Qe7+ Kh6 1/2-1/2


[Site "https://www.chess.com"]

[Event "Titled Tuesday Blitz June 21 Late 2022"]
[White "Svane, Frederik"]
[Black "Domingo Nunez, Alejandro"]
[WhiteFideId "12923044"]
[BlackFideId "22245561"]
[WhiteElo "2459"]
[BlackElo "2215"]
[Result "1-0"]
[Round "03"]
[TimeControl "180+1"]
[Date "2022.06.21"]
[WhiteClock "0:00:30"]
[BlackClock "0:00:17"]

1. e4 g6 2. d4 Bg7 3. Nf3 c6 4. Be2 d5 5. exd5 cxd5 6. O-O Nc6 7. c3 Nf6 8. Re1 O-O 9. Bf4 Bf5 10. Nbd2 a6 11. Nb3 Re8 12. Nh4 Bc8 13. Bd3 Ne4 14. Bxe4 dxe4 15. Rxe4 f5 16. Re5 Nxe5 17. Bxe5 Bxe5 18. dxe5 Qxd1+ 19. Rxd1 Be6 20. Nd4 Rad8 21. Ra1 Bd5 22. f4 Kf7 23. Kf2 Be4 24. Nhf3 Bxf3 25. Kxf3 e6 26. a4 Rd5 27. Ra3 Re7 28. Rb3 Ra5 29. Rb4 Rc5 30. h4 h6 31. g4 Ra5 32. h5 fxg4+ 33. Kxg4 gxh5+ 34. Kxh5 Kg7 35. Rb6 Rxa4 36. Nxe6+ Kh7 37. Nd4 Ra1 38. Rxh6+ Kg7 39. Nf5+ Kf7 40. Rh7+ Ke6 41. Nxe7 Rh1+ 42. Kg6 Rg1+ 43. Kh6 Rh1+ 44. Kg7 Rg1+ 45. Kf8 1-0


[Site "https://www.chess.com"]